 Dungeon Crawl Stone Soup version 0.26.0-10-g1f06aea511 (webtiles) character file.

Game seed: 8270229450647122641

190910 Dirian the Executioner (level 18, -3/171 HPs)
             Began as a Hill Orc Fighter on Jan 16, 2021.
             Was the Champion of Beogh.
             Slain by a 13-headed hydra (11 damage)
             ... called by a spriggan druid
             ... on level 3 of the Swamp.
             The game lasted 01:01:19 (33033 turns).

Dirian the Executioner (Hill Orc Fighter)          Turns: 33033, Time: 01:01:20

Health: -3/171     AC: 32    Str: 39    XL:     18   Next: 63%
Magic:  21/21      EV:  7    Int:  8    God:    Beogh [******]
Gold:   758        SH: 27    Dex: 20    Spells: 17/17 levels left

rFire    + + .     SeeInvis +   b - +5 broad axe of Cruel Justice {vamp, Str+5}
rCold    + . .     Faith    .   F - +2 tower shield {rF+}
rNeg     . . .     Spirit   .   E - +7 plate armour of the Apothecary {Str+7 Dex+4}
rPois    +         Reflect  .   m - +1 helmet
rElec    +         Harm     .   D - +0 cloak
rCorr    .         Rampage  .   J - +1 pair of gloves {archery}
Will     ++...                  l - +0 pair of boots
Stlth    ..........             e - amulet of regeneration
HPRegen  0.78/turn              L - ring "Mytzoexe" {rElec rF+ Will+ Dex+3 SInv}
MPRegen  0.17/turn              y - ring "Inuasch" {rElec rPois rC+ Dex+3}

@: slowed, very slow
A: walk on water
a: Renounce Religion, Smiting, Recall Orcish Followers, Give Item to Named
Follower, Resurrection


You were on level 3 of the Swamp.
You worshipped Beogh.
Beogh was exalted by your worship.
You visited 5 branches of the dungeon, and saw 29 of its levels.
You visited the Abyss 1 time.
You also visited: Ice Cave.

You collected 3273 gold pieces.
You spent 2515 gold pieces at shops.

Inventory:

Hand Weapons
 a - a +6 broad axe
 b - the +5 broad axe of Cruel Justice (weapon) {vamp, Str+5}
   (You found it on level 2 of the Lair of Beasts)

   It inflicts no extra harm, but heals its wielder when it wounds a living foe.
   It affects your strength (+5).
Armour
 c - a +1 tower shield of reflection
 l - a +0 pair of boots (worn)
 m - a +1 helmet (worn)
 D - a +0 cloak (worn)
 E - the +7 plate armour of the Apothecary (worn) {Str+7 Dex+4}
   (You bought it in a shop on level 8 of the Dungeon)

   It affects your strength (+7).
   It affects your dexterity (+4).
 F - a +2 tower shield of fire resistance (worn)
 J - a +1 pair of gloves of archery (worn)
Jewellery
 e - an amulet of regeneration (around neck)
 f - an uncursed amulet of reflection
 j - the ring "Xuarghon" {+Fly Dex+6}
   (You found it in an ice cave)

   [ring of dexterity]

   It affects your dexterity (+6).
   It lets you fly.
 y - the ring "Inuasch" (right hand) {rElec rPois rC+ Dex+3}
   (You found it on level 7 of the Dungeon)

   [ring of protection from cold]

   It affects your dexterity (+3).
   It protects you from cold.
   It insulates you from electricity.
   It protects you from poison.
 B - an uncursed ring of protection from fire
 L - the ring "Mytzoexe" (left hand) {rElec rF+ Will+ Dex+3 SInv}
   (You acquired it on level 1 of the Snake Pit)

   [ring of see invisible]

   It affects your dexterity (+3).
   It protects you from fire.
   It insulates you from electricity.
   It affects your willpower, your defense against some magical effects.
   It lets you see invisible.
 S - the ring of Ijathit {Will+ rCorr}
   (You took it off a meliai on level 12 of the Dungeon)

   [ring of resist corrosion]

   It affects your willpower, your defense against some magical effects.
   It provides partial protection from all sources of acid and corrosion.
Wands
 v - a wand of digging (16)
 I - a wand of acid (10)
Scrolls
 o - 2 scrolls of magic mapping
 r - 5 scrolls of identify
 t - 11 scrolls of teleportation
 x - 15 scrolls of remove curse
 z - 5 scrolls of blinking
 K - 8 scrolls of enchant armour
 N - 3 scrolls of summoning
 O - 2 scrolls of immolation
 Q - a scroll of holy word
Potions
 d - a potion of might
 g - 6 potions of lignification
 h - 3 potions of haste
 i - 6 potions of mutation
 k - 3 potions of ambrosia
 n - 7 potions of resistance
 q - 8 potions of curing
 s - 3 potions of attraction
 w - 6 potions of heal wounds
 C - 4 potions of flight
 G - 2 potions of cancellation
 H - 2 potions of magic


   Skills:
 + Level 17.8 Fighting
 + Level 21.4 Axes
 + Level 15.4 Armour
 + Level 17.6 Shields
 - Level 5.0 Invocations


You had 17 spell levels left.
You didn't know any spells.
Your spell library contained the following spells:

 Spells                   Type           Power        Failure   Level
 Corona                   Hex            0%           99%         1
 Freeze                   Ice            0%           99%         1
 Magic Dart               Conj           0%           99%         1
 Sting                    Tmut/Pois      0%           99%         1
 Summon Small Mammal      Summ           0%           99%         1
 Blink                    Tloc           N/A          99%         2
 Call Imp                 Summ           0%           99%         2
 Slow                     Hex            0%           99%         2
 Call Canine Familiar     Summ           0%           100%        3
 Confusing Touch          Hex            0%           100%        3
 Conjure Flame            Conj/Fire      0%           100%        3
 Frozen Ramparts          Ice            0%           100%        3
 Gell's Gravitas          Tloc           0%           100%        3
 Inner Flame              Hex/Fire       0%           100%        3
 Mephitic Cloud           Conj/Pois/Air  0%           100%        3
 Ozocubu's Armour         Ice            0%           100%        3
 Portal Projectile        Hex/Tloc       0%           100%        3
 Spider Form              Tmut/Pois      0%           100%        3
 Static Discharge         Conj/Air       0%           100%        3
 Summon Guardian Golem    Hex/Summ       0%           100%        3
 Cause Fear               Hex            0%           100%        4
 Hailstorm                Conj/Ice       0%           100%        4
 Leda's Liquefaction      Hex/Erth       0%           100%        4
 Petrify                  Tmut/Erth      0%           100%        4
 Summon Ice Beast         Ice/Summ       0%           100%        4
 Summon Lightning Spire   Summ/Air       0%           100%        4
 Fireball                 Conj/Fire      0%           100%        5
 Lightning Bolt           Conj/Air       0%           100%        5
 Metabolic Englaciation   Hex/Ice        0%           100%        5
 Yara's Violent Unravell  Hex/Tmut       0%           100%        5
 Ignition                 Fire           0%           100%        8
 Shatter                  Erth           0%           100%        9
 Tornado                  Air            0%           100%        9


Dungeon Overview and Level Annotations

Branches:
Dungeon (15/15)            Temple (0/1) D:4            Lair (6/6) D:11
  Swamp (3/4) Lair:4        Snake (3/4) Lair:4        Slime (0/5) Lair:5
    Orc (2/2) D:11            Elf (0/3) Orc:2        Vaults (0/5) D:13
 Depths (0/5) D:15          IceCv (visited)

Altars:
Elyvilon
Fedhas
Kikubaaqudgha
Makhleb
Uskayaw
Wu Jian
Xom
Yredelemnul
Beogh
Lugonu

Shops:
D:5 (   D:8 [??*   D:10 ?   D:13 }   Orc:2 (:*![

Portals:
Abyss: Lair:5
Trove: D:11 (give 9 potions of haste)

Annotations:
D:6 exclusion: oklob plant
Snake:1 1 runed translucent door
Orc:1 2 transporters


Message History

The 13-headed hydra closely misses you. x2
You block the 13-headed hydra's attack.
The 13-headed hydra bites you but does no damage. x2
The 13-headed hydra barely misses you.
The spriggan rider hits you from afar with a +0 spear!
* * * LOW HITPOINT WARNING * * *
The swamp worm bites you!
* * * LOW HITPOINT WARNING * * *
You hit the 13-headed hydra.
The 13-headed hydra is almost dead.
You slash the swamp worm!
You block the 13-headed hydra's attack. x3
The 13-headed hydra bites you but does no damage.
The 13-headed hydra bites you!
* * * LOW HITPOINT WARNING * * *
You block the 13-headed hydra's attack. x2
The 13-headed hydra bites you but does no damage.
The 13-headed hydra bites you.
* * * LOW HITPOINT WARNING * * *
The 13-headed hydra bites you!
You die...

♣≈≈≈≈...≈.♣♣.≈♣.≈≈≈≈≈≈
♣≈≈.≈.....♣≈≈♣♣.!≈≈≈≈≈
♣≈.....≈≈...♣..≈≈≈≈≈≈
♣♣♣.≈..≈≈≈.≈≈.≈≈.≈≈≈≈≈
≈≈♣≈.≈≈.=≈≈≈≈≈≈.†..≈§≈≈≈
.≈≈≈......≈♣♣♣♣♣♣†..≈≈.≈
≈..≈♣♣≈(♣♣♣♣ ♣♣..≈≈.♣
≈≈≈.♣♣♣≈†≈♣♣♣♣♣ ♣≈≈≈..≈
≈≈§≈≈o.@)o...≈♣ ♣.≈≈...
.≈≈≈..Dwo..≈≈≈♣ ♣♣≈♣♣♣.
.....≈≈i.o≈≈≈≈. ♣♣♣♣.≈
..≈.≈≈§≈≈.≈≈≈≈≈ ≈♣♣≈≈
.♣...≈≈...≈≈≈≈≈ ≈..≈≈≈
♣≈≈≈≈♣♣.≈≈≈≈≈. ≈§≈≈≈≈≈
≈≈..≈≈ ≈≈≈≈≈≈. ≈≈≈≈≈..
.≈≈≈≈≈ ..§≈≈≈≈ .≈≈≈...
.≈....♣


You could see a 13-headed hydra (strong), a spriggan rider, a swamp worm
(strong), a friendly orc wizard and 3 friendly orcs.

Vanquished Creatures
  Gastronok (Lair:2)
  2 tentacled starspawn (Abyss:2)
  The ghost of vatarom the Warrior, an adept DsAK of Lugonu (Swamp:1)
  A deep elf sorcerer (Abyss:2)
  A yellow draconian (Abyss:2)
  3 dire elephants (Lair:6)
  Snorg (D:11)
  2 bunyips
  5 eleionomae
  Josephine (D:10)
  A vault guard (D:13)
  2 naga warriors
  6 hydras
  7 anacondas
  Harold (D:9)
  A rakshasa (Abyss:2)
  The ghost of princeOfDonkeys the Nimble, a journeyman SpFi of Sif Muna (Orc:2)
  A death knight (D:12)
  A spectral stone giant (D:14)
  A centaur warrior (D:14)
  9 alligators
  2 ogre magi
  3 two-headed ogres
  A hell hog (Abyss:2)
  5 naga sharpshooters
  A tengu warrior (D:15)
  An orc high priest (Orc:2)
  A shock serpent (Snake:1)
  A deep elf knight (D:15)
  A fire crab (D:15)
  A wretched star (Abyss:2)
  5 goliath frogs
  2 spriggan druids
  A spatial maelstrom (Abyss:2)
  4 bog bodies
  A swamp dragon (Swamp:2)
  A deep elf archer (D:15)
  A naga ritualist (Snake:1)
  A necromancer (IceCv)
  2 deep elf magi
  5 orc knights
  8 ugly things
  3 oklob plants (Lair:5)
  4 mana vipers
  5 orc sorcerers
  A cyclops (D:14)
  A salamander (Snake:3)
  A moth of wrath (shapeshifter) (D:15)
  3 manticores
  8 elephants (Lair:6)
  A will-o-the-wisp (Swamp:2)
  Maurice (D:9)
  2 gargoyles
  A guardian serpent (Snake:2)
  An ice statue (IceCv)
  4 naga magi
  25 black mambas
  Maggie (D:8)
  8 cane toads
  A kobold demonologist (D:12)
  3 komodo dragons
  2 torpor snails (Lair:6)
  A yaktaur (D:15)
  10 freezing wraiths (IceCv)
  A tengu conjurer (D:15)
  A meliai (D:12)
  6 trolls
  6 tyrant leeches
  2 wolf spider simulacra
  5 hornets
  2 large abominations (Abyss:2)
  4 blink frogs
  8 slime creatures
  13 dream sheep
  A meliai zombie (D:15)
  A stone giant simulacrum (D:14)
  Sigmund (D:2)
  3 wyverns
  2 shadows
  4 spriggans
  A water elemental (Abyss:2)
  A ynoxinul (Abyss:2)
  4 wraiths
  Eustachio (D:6)
  37 yaks
  2 hogs (Snake:2)
  8 humans (D:13)
  11 vampire mosquitoes
  A death yak simulacrum (IceCv)
  A warg (Orc:1)
  15 nagas
  An acid dragon (D:12)
  A hell hound (Abyss:2)
  A soldier ant (D:12)
  10 swamp worms
  10 water moccasins
  10 orc warriors
  The ghost of MajorAdolf the Skirmisher, an amateur NaWn (D:4)
  17 ice beasts
  2 sky beasts
  3 necrophages
  5 boggarts (D:14)
  2 eyes of draining
  14 ogres
  4 phantoms
  3 wolves (Lair:1)
  6 centaurs
  8 big kobolds (D:6)
  12 bullfrogs
  Blork the orc (D:6)
  5 scorpions
  3 killer bees (D:11)
  8 wights
  2 howler monkeys (D:7)
  An electric eel (D:6)
  A draconian simulacrum (IceCv)
  A wyvern simulacrum (D:12)
  2 quasits (D:11)
  4 bullfrog zombies
  4 jellies
  6 hounds
  2 centaur zombies
  8 orc priests
  8 orc wizards
  2 bullfrog skeletons
  6 centaur skeletons
  4 iguanas
  16 worker ants
  A polar bear simulacrum (IceCv)
  3 spriggan simulacra (IceCv)
  7 troll simulacra (IceCv)
  A wolf simulacrum (IceCv)
  2 killer bee zombies
  2 centaur simulacra (IceCv)
  Robin (D:2)
  7 gnolls
  14 adders
  4 naga simulacra (IceCv)
  3 ogre simulacra (IceCv)
  A shadow imp (D:10)
  17 white imps
  An adder skeleton (D:5)
  2 worms
  A leopard gecko (D:4)
  44 orcs
  2 ball pythons (Lair:4)
  7 bats
  8 giant cockroaches
  18 goblins
  9 hobgoblins
  15 jackals
  47 kobolds
  6 quokkas
  4 frilled lizards
  A leopard gecko skeleton (D:8)
  3 rats (D:2)
  A bush (Lair:3)
  A starspawn tentacle (Abyss:2)
753 creatures vanquished.

Vanquished Creatures (collateral kills)
  Vashnia (Snake:2)
  Rupert (Lair:3)
  The ghost of Rachuaq the Thaumaturge, an adept GnSk of Makhleb (Orc:2)
  Kirke (Snake:2)
  Nessos (Lair:4)
  A deep elf annihilator (D:15)
  The ghost of Arum the Fighter, a journeyman OpFi of Gozag (D:14)
  A yaktaur captain (D:15)
  2 vault guards (D:13)
  2 naga warriors
  7 hydras
  2 anacondas
  2 centaur warriors (D:15)
  3 catoblepae
  A two-headed ogre (D:15)
  A spectral fire giant (D:14)
  3 death yaks (Lair:6)
  2 orc high priests (Orc:2)
  6 naga sharpshooters
  2 shock serpents (Snake:1)
  Sonja (D:13)
  A deep elf knight (D:15)
  2 naga ritualists
  An orc knight (Orc:2)
  An ugly thing (D:15)
  A fire giant zombie (D:14)
  4 mana vipers
  A spectral spriggan (D:14)
  2 oklob plants
  8 elephants (Lair:6)
  3 naga magi
  8 black mambas
  A guardian serpent (Snake:3)
  4 cane toads
  5 komodo dragons
  A rime drake (Lair:2)
  A yaktaur zombie (D:14)
  4 polar bears
  A hornet (Lair:2)
  6 blink frogs
  10 dream sheep
  A fire giant simulacrum (D:14)
  19 yaks
  A basilisk (Lair:6)
  A hog (Snake:2)
  A vampire mosquito (D:13)
  A human (D:13)
  A warg (Orc:2)
  6 nagas
  A swamp worm (Swamp:2)
  8 water moccasins
  4 orc warriors
  2 ice beasts (Orc:2)
  A black bear (Lair:2)
  3 ogres
  3 wolves (Lair:1)
  A bullfrog (Lair:1)
  A glowing shapeshifter simulacrum (D:14)
  2 orc priests
  2 orc wizards
  4 adders
  9 orcs
  6 bushes
  A plant (Lair:4)
186 creatures vanquished.

Vanquished Creatures (others)
  An orc high priest (D:13)
  3 orc knights
  2 orc sorcerers
  A naga mage (Snake:1)
  2 bloated husks (Swamp:2)
  7 orc warriors
  An ogre (D:10)
  A centaur (D:10)
  A bullfrog skeleton (D:10)
  6 orc priests
  8 orc wizards
  A worker ant (D:10)
  A shadow imp (D:10)
  22 orcs
  3 foxfires (Swamp:2)
  68 fungi
  A lurking horror (Lair:5)
  70 plants
  5 starspawn tentacles (Abyss:2)
  5 withered plants (Orc:2)
209 creatures vanquished.

Grand Total: 1148 creatures vanquished

Notes
Turn   | Place    | Note
-------+----------+-------------------------------------------
     0 | D:1      | Dirian the Hill Orc Fighter began the quest for the Orb.
     0 | D:1      | Reached XP level 1. HP: 19/19 MP: 1/1
   175 | D:1      | Reached skill level 3 in Axes
   175 | D:1      | Reached XP level 2. HP: 27/27 MP: 2/2
   912 | D:2      | Reached XP level 3. HP: 30/33 MP: 3/3
   954 | D:2      | Noticed Robin
   992 | D:2      | Killed Robin
   993 | D:2      | Reached XP level 4. HP: 13/41 MP: 4/4
  1420 | D:2      | Found a blossoming altar of Fedhas.
  1772 | D:2      | Noticed Sigmund
  1780 | D:2      | HP: 1/41 [something (7)]
  1783 | D:2      | Reached skill level 8 in Axes
  1783 | D:2      | Reached XP level 5. HP: 1/53 MP: 5/5
  1785 | D:2      | Reached skill level 10 in Axes
  1785 | D:2      | Reached XP level 6. HP: 2/66 MP: 6/6
  1799 | D:2      | Killed Sigmund
  1800 | D:2      | Reached XP level 7. HP: 8/71 MP: 7/7
  3235 | D:3      | Found a burning altar of Makhleb.
  3729 | D:4      | Found a staircase to the Ecumenical Temple.
  3754 | D:4      | Reached skill level 10 in Fighting
  3757 | D:4      | Reached XP level 8. HP: 46/79 MP: 8/8
  4373 | D:4      | Found a runed translucent door.
  4374 | D:4      | Noticed MajorAdolf's ghost (amateur NaWn)
  4563 | D:4      | Killed MajorAdolf's ghost
  4612 | D:5      | Entered Level 5 of the Dungeon
  5091 | D:5      | Found a basalt altar of Yredelemnul.
  5246 | D:5      | Found Geegofu's Weapon Boutique.
  5334 | D:5      | Found a hide-covered altar of Uskayaw.
  5337 | D:5      | Found a white marble altar of Elyvilon.
  5340 | D:5      | Found an ancient bone altar of Kikubaaqudgha.
  5617 | D:6      | Noticed Blork the orc
  5635 | D:6      | Reached skill level 11 in Axes
  5635 | D:6      | Reached XP level 9. HP: 74/85 MP: 9/9
  5637 | D:6      | Killed Blork the orc
  5735 | D:6      | Found a blossoming altar of Fedhas.
  5760 | D:6      | Noticed an oklob plant
  6607 | D:6      | Noticed Eustachio
  6670 | D:6      | Killed Eustachio
  7338 | D:6      | Reached XP level 10. HP: 94/94 MP: 10/10
  7963 | D:7      | Reached skill level 12 in Axes
  8416 | D:7      | Got a transparent ivory ring
  8558 | D:7      | Identified the ring "Inuasch" {rElec rPois rC+ Dex+3} (You
                  | found it on level 7 of the Dungeon)
  8587 | D:8      | Reached skill level 10 in Shields
  8630 | D:8      | Noticed Maggie
  8650 | D:8      | Killed Maggie
  8801 | D:8      | Found Xour's Magic Scroll Emporium.
  8808 | D:8      | Found Etafabath's Magic Scroll Boutique.
  8861 | D:8      | Bought a scroll of magic mapping for 52 gold pieces
  8861 | D:8      | Bought a scroll of magic mapping for 52 gold pieces
  8871 | D:8      | Bought 2 scrolls of blinking for 210 gold pieces
  8871 | D:8      | Bought a scroll of blinking for 105 gold pieces
  8882 | D:8      | Found Yboriodi's General Store.
  8890 | D:8      | Bought a potion of berserk rage for 65 gold pieces
  9265 | D:8      | Found Garun's Armour Shoppe.
  9426 | D:9      | Noticed Harold
  9437 | D:9      | Killed Harold
  9616 | D:9      | Noticed Maurice
  9623 | D:9      | Killed Maurice
  9733 | D:9      | Noticed a two-headed ogre
  9733 | D:9      | You fall into a shaft and drop 2 floors!
  9755 | D:11     | Noticed Snorg
  9765 | D:11     | Killed Snorg
  9766 | D:11     | Reached skill level 13 in Axes
  9766 | D:11     | Reached skill level 10 in Armour
  9766 | D:11     | Reached XP level 11. HP: 80/102 MP: 11/11
  9801 | D:11     | Became a worshipper of Beogh the Brigand
 10234 | D:11     | Found a portal to a secret trove of treasure.
 10267 | D:11     | Reached skill level 14 in Axes
 10276 | D:11     | Reached * piety under Beogh
 10304 | D:10     | Entered Level 10 of the Dungeon
 10896 | D:9      | Killed a two-headed ogre
 11303 | D:10     | Found a shimmering altar of Xom.
 11391 | D:10     | Reached ** piety under Beogh
 11461 | D:10     | Found Furph's Magic Scroll Boutique.
 11580 | D:10     | Noticed Josephine
 11596 | D:10     | Killed Josephine
 11602 | D:10     | Reached XP level 12. HP: 104/112 MP: 12/12
 12190 | D:11     | Reached skill level 15 in Axes
 12407 | D:11     | Found a staircase to the Lair.
 12478 | D:11     | Found a staircase to the Orcish Mines.
 12896 | D:12     | Noticed a two-headed ogre
 12913 | D:12     | Reached *** piety under Beogh
 12916 | D:12     | Killed a two-headed ogre
 13262 | D:12     | Identified the ring of Ijathit {Will+ rCorr}
 13262 | D:12     | Noticed a death knight
 13302 | D:12     | Killed a death knight
 14128 | D:12     | Reached skill level 16 in Axes
 14227 | D:12     | Noticed an ogre mage
 14242 | D:12     | Killed an ogre mage
 14363 | D:12     | Identified the Tome of Virous Flames
 14727 | Orc:1    | Entered Level 1 of the Orcish Mines
 14760 | Orc:1    | Reached XP level 13. HP: 72/119 MP: 13/13
 14950 | Orc:1    | Found a transporter.
 14998 | Orc:1    | Reached **** piety under Beogh
 15277 | Orc:1    | Found a runed translucent door.
 15513 | Orc:1    | Found a roughly hewn altar of Beogh.
 15526 | Orc:1    | Reached XP level 14. HP: 129/129 MP: 14/14
 15527 | Orc:1    | Reached skill level 17 in Axes
 15527 | Orc:1    | Reached XP level 15. HP: 137/137 MP: 15/15
 15612 | Orc:1    | Found a transporter.
 15673 | Orc:2    | Entered Level 2 of the Orcish Mines
 15673 | Orc:2    | Found a staircase to the Elven Halls.
 15734 | Orc:2    | Found a frozen archway.
 15756 | IceCv    | Entered an ice cave
 15987 | IceCv    | Reached ***** piety under Beogh
 16422 | IceCv    | Got a crude iron ring
 16424 | IceCv    | Identified the ring "Xuarghon" {+Fly Dex+6} (You found it
                  | in an ice cave)
 16438 | IceCv    | Found an ancient bone altar of Kikubaaqudgha.
 16766 | IceCv    | Gained Marbork as an ally
 17306 | Orc:2    | Found a roughly hewn altar of Beogh.
 17317 | Orc:2    | Found a runed translucent gate.
 17318 | Orc:2    | Found a runed translucent gate.
 17320 | Orc:2    | Found a runed translucent gate.
 17320 | Orc:2    | Noticed Rachuaq's ghost (adept GnSk)
 17320 | Orc:2    | Noticed princeOfDonkeys's ghost (journeyman SpFi)
 17343 | Orc:2    | Found Rapleh's Weapon Shoppe.
 17459 | Orc:2    | Paralysed by an orc sorcerer for 4 turns
 17612 | Orc:2    | Found Avomuv's Distillery.
 17612 | Orc:2    | Found Koeb's Armour Shop.
 17619 | Orc:2    | Found Muig's Book Emporium.
 17619 | Orc:2    | Found Zusmui's Assorted Antiques.
 17625 | Orc:2    | Bought a potion of haste for 100 gold pieces
 17625 | Orc:2    | Bought a potion of haste for 100 gold pieces
 17625 | Orc:2    | Bought a potion of resistance for 100 gold pieces
 17625 | Orc:2    | Bought a potion of heal wounds for 50 gold pieces
 17628 | Orc:2    | Bought a potion of haste for 270 gold pieces
 17736 | Orc:2    | Bought a +0 broad axe for 64 gold pieces
 17950 | Orc:2    | Killed princeOfDonkeys's ghost
 17958 | Orc:2    | Killed Rachuaq's ghost
 18352 | Lair:1   | Entered Level 1 of the Lair of Beasts
 19513 | Lair:2   | Got an iridescent broad axe
 19513 | Lair:2   | Identified the +5 broad axe of Cruel Justice {vamp, Str+5}
                  | (You found it on level 2 of the Lair of Beasts)
 19550 | Lair:2   | Noticed Gastronok
 19559 | Lair:2   | Killed Gastronok
 19560 | Lair:2   | Reached skill level 1 in Invocations
 20131 | Lair:2   | Reached ****** piety under Beogh
 20133 | Lair:2   | Reached skill level 18 in Axes
 20184 | Lair:2   | Found the +8 whip "Snakebite" {curare, rPois}
 20436 | Lair:2   | Identified a scroll of acquirement
 20918 | Lair:3   | Noticed Rupert
 20928 | Lair:3   | Killed Rupert
 21299 | Lair:4   | Found a staircase to the Snake Pit.
 21305 | Lair:4   | Gained Koronagh as an ally
 21734 | Lair:4   | Noticed Nessos
 21747 | Lair:4   | Killed Nessos
 21802 | Lair:4   | Found a staircase to the Swamp.
 22456 | Lair:5   | Found a corrupted altar of Lugonu.
 22456 | Lair:5   | Found a one-way gate to the infinite horrors of the Abyss.
 22476 | Lair:5   | Reached skill level 15 in Fighting
 22476 | Lair:5   | Reached XP level 16. HP: 149/149 MP: 16/16
 22601 | Lair:5   | Your ally Koronagh died
 22942 | Lair:5   | Found a staircase to the Slime Pits.
 23654 | Lair:6   | Entered Level 6 of the Lair of Beasts
 23846 | Lair:6   | Reached skill level 19 in Axes
 23893 | Lair:6   | Gained Thorok as an ally
 23897 | Lair:6   | Gained Wardok as an ally
 24141 | Lair:6   | Gained Bogwik as an ally
 25268 | D:13     | Found an ornate altar of the Wu Jian Council.
 25285 | D:13     | Found Kamosovi's Gadget Emporium.
 25329 | D:13     | Your ally Marbork died
 25340 | D:13     | Found a gate to the Vaults.
 25357 | D:13     | Got an ichor-stained great sword
 25364 | D:13     | Got a masterwork kite shield
 25374 | D:13     | Identified the -6 kite shield of a treasure trove {Harm
                  | *Corrode rElec rPois} (You found it on level 13 of the
                  | Dungeon)
 25387 | D:13     | Identified the +8 great sword "Tegas" {freeze, Will+} (You
                  | found it on level 13 of the Dungeon)
 25534 | D:13     | Noticed Sonja
 25541 | D:13     | Cast into level 2 of the Abyss (Sonja)
 25633 | Abyss:2  | Reached skill level 15 in Shields
 25670 | Abyss:2  | Noticed a tentacled starspawn
 25678 | Abyss:2  | Killed a tentacled starspawn
 25717 | Abyss:2  | Noticed a tentacled starspawn
 25719 | Abyss:2  | Found a corrupted altar of Lugonu.
 25752 | Abyss:2  | Killed a tentacled starspawn
 25755 | D:13     | Escaped the Abyss
 25760 | D:13     | Killed Sonja
 25760 | D:13     | Gained Nordag as an ally
 26341 | D:13     | Got an ebony scimitar
 26341 | D:13     | Identified the +11 scimitar of Spring {vorpal, rElec Int+4
                  | Dex+3 Stlth-} (You found it on level 13 of the Dungeon)
 26536 | D:14     | Reached skill level 20 in Axes
 26589 | D:14     | Reached XP level 17. HP: 141/158 MP: 20/20
 26833 | D:14     | Reached skill level 5 in Invocations
 26969 | D:14     | Found a runed translucent gate.
 26970 | D:14     | Found a runed translucent gate.
 26970 | D:14     | Found a runed translucent gate.
 26970 | D:14     | Noticed Arum's ghost (journeyman OpFi)
 27303 | D:14     | Killed Arum's ghost
 27612 | D:15     | Entered Level 15 of the Dungeon
 28010 | D:15     | Found a staircase to the Depths.
 28863 | D:8      | Bought the +7 plate armour of the Apothecary {Str+7 Dex+4}
                  | for 1145 gold pieces
 29021 | Orc:2    | Bought a glowing tower shield for 202 gold pieces
 29159 | Snake:1  | Entered Level 1 of the Snake Pit
 29245 | Snake:1  | Acquired a +1 tower shield of reflection
 29246 | Snake:1  | Acquired the ring "Mytzoexe" {rElec rF+ Will+ Dex+3 SInv}
 29852 | Snake:1  | Found a runed translucent door.
 30187 | Snake:2  | Noticed Vashnia
 30206 | Snake:2  | Killed Vashnia
 30329 | Snake:2  | Noticed Kirke
 30332 | Snake:2  | Gained Bogbarth as an ally
 30335 | Snake:2  | Killed Kirke
 30336 | Snake:2  | Reached skill level 15 in Armour
 30752 | Snake:2  | Identified the cursed +1 robe "Ewanuan" {rF+ rC+ Str+4}
                  | (You found it on level 2 of the Snake Pit)
 30958 | Snake:3  | Reached XP level 18. HP: 169/169 MP: 21/21
 30966 | Snake:3  | Reached skill level 21 in Axes
 31733 | Swamp:1  | Entered Level 1 of the Swamp
 31800 | Swamp:1  | Gained Brandogh as an ally
 31801 | Swamp:1  | Found a runed translucent door.
 31802 | Swamp:1  | Noticed vatarom's ghost (adept DsAK)
 31831 | Swamp:1  | Your ally Brandogh died
 31839 | Swamp:1  | Gained Arbolt as an ally
 31888 | Swamp:1  | Killed vatarom's ghost
 32386 | Swamp:2  | Found a shimmering altar of Xom.
 32430 | Swamp:2  | Your ally Arbolt died
 33033 | Swamp:3  | HP: 8/171 [13-headed hydra[a spriggan druid] (3)]
 33033 | Swamp:3  | Slain by a 13-headed hydra

Illustrated notes

Levels and vault maps discovered:
D:1:      minmay_arrival_nine_rooms, layout_loops_ring, kennysheep_nondescript
D:2:      minmay_angry_zag, layout_loops_corners, lemuel_crystal_altar,
          uniq_robin, uniq_sigmund
D:3:      layout_basic, lightli_temple_of_fire
D:4:      layout_rooms, minmay_temple_entry_tees, ebering_ghost_reflecting_pool,
          serial_park_tiny_1, minmay_manual_moon
D:5:      layout_basic, yredelemnul_altar_generic,
          grunt_temple_overflow_diamond, serial_shops, shop,
          kennysheep_generic_room_14
D:6:      minmay_goblin_kobold_castle, layout_basic, tgw_fedhas,
          uniq_blork_the_orc, uniq_eustachio
D:7:      layout_loops_ring
D:8:      layout_basic, serial_shops, nicolae_shop_window_shopping,
          nicolae_shop_trees, shop, nicolae_shop_statue_plus,
          grunt_ministairs_8, uniq_maggie
D:9:      layout_small_grid, uniq_harold, uniq_maurice
D:10:     layout_loops_ring, serial_shops, shop, xom_confusion_cloud,
          uniq_josephine
D:11:     layout_loops_ring, lair_entry_dummy, orc_0_dummy, enter_trove_1,
          hangedman_decor_riveting, uniq_snorg
D:12:     minmay_the_grid_triangle_9x9_rhombus_thin_mashed
          [minmay_the_grid_triangle_9x9_alien,
          minmay_the_grid_triangle_9x9_prize_insulated,
          minmay_the_grid_triangle_9x9_sparse_checkered,
          minmay_the_grid_triangle_9x9_negative_grid], layout_small_grid
D:13:     layout_basic, ximxim_vaults_locker_room, serial_shops, shop,
          hangedman_decor_diamond_cutter, amcnicky_altar_gilded, uniq_sonja
D:14:     layout_loops_ring, hex_medium, gammafunk_ghost_necromancy
D:15:     grunt_enter_depths_snipers, layout_small_grid
Lair:1:   layout_concentric_octagons, columned_hall_lemuel,
          minmay_lair_oklob_chamber
Lair:2:   minmay_guarded_unrand_snakebite, layout_regular_city,
          infiniplex_staircase_pool_2, uniq_gastronok
Lair:3:   layout_chaotic_city, minmay_lair_oklob_bushes, uniq_rupert
Lair:4:   layout_cave_pods, swamp_mist, minmay_snake_entry_six_corridors,
          minmay_holes, uniq_nessos
Lair:5:   layout_regular_city, minmay_slime_entry_oklob_enclosed, st_stairs_12,
          amcnicky_altar_lugonu_corruption
Lair:6:   due_jungle_book, layout_regular_city
Swamp:1:  layout_basic_swamp, gammafunk_ghost_grave,
          nicolae_swamp_very_dense_foliage
Swamp:2:  layout_basic_swamp, basic_altar
Swamp:3:  layout_basic_swamp, evilmike_swamp_ruin_house_1, swamp_pool4,
          infiniplex_staircase_pool
Snake:1:  cheibrodos_toxic_ritual, layout_misc_corridors, drop_trap
Snake:2:  layout_cave_shapes, uniq_vashnia, uniq_kirke
Snake:3:  layout_cave_town
Orc:1:    emtedronai_trogs_sanctum, layout_diamond_mine, lightli_church_of_beogh
Orc:2:    grunt_orc_tribal_feast, layout_caves, serial_shops,
          nicolae_shop_waterfront, basic_altar, gammafunk_ghost_cemetery,
          portal_ice_cave_entry_ice_beasts, nicolae_orc_lava_tube

Skill      XL: |  1  2  3  4  5  6  7  8  9 10 11 12 13 14 15 16 17 18 |
---------------+-------------------------------------------------------+-----
Axes           | 3 8 10 11 13 14 16 17 18 20 21 | 21.4
Fighting       | 4 8 9 10 11 12 13 15 16 17 | 17.8
Armour         | 7 9 10 11 12 13 14 15 | 15.4
Shields        | 7 8 9 10 11 12 13 14 15 16 17 | 17.6
Invocations    | 1 4 5 |  5.0

Action                   |  1- 3 |  4- 6 |  7- 9 | 10-12 | 13-15 | 16-18 || total
-------------------------+-------+-------+-------+-------+-------+-------++-------
Melee: War axe           |    83 |    76 |   411 |   707 |   278 |       ||  1555
       Broad axe         |       |       |       |       |   228 |  1057 ||  1285
Invok: Convert to Beogh  |       |       |       |     1 |       |       ||     1
       Recall Orcish Fol |       |       |       |       |     2 |     3 ||     5
       Give Item to Name |       |       |       |       |       |     3 ||     3
Evoke: Wand              |       |       |       |     6 |     2 |       ||     8
  Use: Potion            |     1 |     3 |       |     2 |     6 |     3 ||    15
       Scroll            |       |       |    15 |    12 |     6 |    20 ||    53
 Stab: Distracted        |       |       |       |       |     8 |    18 ||    26
       Paralysed         |       |       |       |       |       |     1 ||     1
Armor: Scale mail        |    49 |    30 |    83 |       |       |       ||   162
       Chain mail        |       |       |    61 |   155 |       |       ||   216
       Plate armour      |       |       |       |    78 |   209 |   527 ||   814
Dodge: Dodged            |    30 |    19 |    94 |   102 |    95 |   197 ||   537
Block: Kite shield       |    45 |    36 |   276 |   363 |   299 |   360 ||  1379
       Tower shield      |       |       |       |       |       |   604 ||   604
